 Dungeon Crawl Stone Soup version 0.17.0-28-g6e173f8 (webtiles) character file.

26581 M4edhros the Unseen (level 13, -3/79 HPs)
             Began as an Octopode Wanderer on Nov 25, 2015.
             Was an Elder of Fedhas.
             Slain by an ice devil (9 damage)
             ... in an ice cave.
             The game lasted 00:34:18 (17333 turns).

M4edhros the Unseen (Octopode Wanderer)            Turns: 17333, Time: 00:34:18

Health: -3/79      AC:  1    Str: 13    XL:     13   Next: 26%
Magic:  19/19      EV: 17    Int: 14    God:    Fedhas [****..]
Gold:   983        SH: 13    Dex: 17    Spells: 0 memorised, 13 levels left

rFire  . . .     SeeInvis +     P - +1 quick blade of Gegilan {pierce, +Fly Str+4}
rCold  + + .     Clarity  .     O - +2 shield
rNeg   . . .     SustAt   .     (helmet restricted)
rPois  +         Gourm    .     (no amulet)
rElec  .         Spirit   .     u - ring of poison resistance
rCorr  .         Warding  .     x - ring of protection from cold
rMut   .         Stasis   .     B - ring of wizardry
MR     .....                    T - ring of see invisible
Stlth  +++++++++.               V - ring of ice
                                (no ring)
                                (no ring)
                                (no ring)

@: not resistant to hostile enchantments, incredibly stealthy
A: almost no armour, amphibious, 8 rings, constrict 8, camouflage 1, see
invisible, clumsy 1, fire resistance 1, high mp 1, regeneration 1, wild magic 1,
gelatinous body 1
a: Evolution, Sunlight, Growth, Reproduction, Renounce Religion, Evoke Flight


You were in an ice cave.
You worshipped Fedhas.
Fedhas was greatly pleased with you.
You were not hungry.

You visited 3 branches of the dungeon, and saw 18 of its levels.
You also visited: Ice Cave.

You collected 983 gold pieces.

Inventory:

Hand Weapons
 a - a +2 short sword
 i - a +0 rapier
 j - the +3 shortbow of Fee Simple {flame, Dex+5}
   (You found it on level 4 of the Lair of Beasts)

   It causes projectiles fired from it to burn those they strike, causing extra
   injury to most foes and up to half again as much damage against particularly
   susceptible opponents.
   It affects your dexterity (+5).
 m - a +2 dagger of venom
 t - a +7 hunting sling
 y - a +0 spear of flaming
 P - the +1 quick blade of Gegilan (weapon) {pierce, +Fly Str+4}
   (You acquired it on level 12 of the Dungeon)

   It inflicts extra damage upon your enemies.
   It affects your strength (+4).
   It lets you fly.
Missiles
 d - 414 stones (quivered)
 n - 96 sling bullets
 s - 19 steel sling bullets
 v - 5 poisoned tomahawks
 C - 8 curare-tipped needles
Armour
 O - a +2 shield (worn)
Jewellery
 q - an uncursed amulet of warding
 u - a ring of poison resistance (left tentacle)
 x - a ring of protection from cold (right tentacle)
 B - a ring of wizardry (on tentacle)
 F - an uncursed amulet of stasis
 T - a ring of see invisible (on tentacle)
 V - a ring of ice (on tentacle)
Wands
 w - a wand of fireball (0)
 z - a wand of lightning (5)
 D - a wand of magic darts (40)
 G - a wand of frost (13)
 L - a wand of cold (3)
Scrolls
 b - 6 scrolls of teleportation
 f - 7 scrolls of immolation
 g - 2 scrolls of enchant armour
 h - 3 scrolls of noise
 k - 3 scrolls of amnesia
 l - 4 scrolls of remove curse
 K - 3 scrolls of identify
 M - 5 scrolls of recharging
 S - a scroll of fog
 U - a scroll of blinking
Potions
 c - 3 potions of curing
 e - a potion of might
 E - a potion of resistance
 N - a potion of brilliance
 R - 3 potions of flight
Books
 A - a book of Unlife

   Spells                             Type                      Level
   a - Recall                         Summoning/Translocation      3
   b - Animate Dead                   Necromancy                   4
   c - Control Undead                 Necromancy                   4
   d - Cigotuvi's Embrace             Necromancy                   5
   e - Death Channel                  Necromancy                   6
   f - Simulacrum                     Ice/Necromancy               6
 H - a book of the Tempests

   Spells                             Type                      Level
   a - Static Discharge               Conjuration/Air              3
   b - Lightning Bolt                 Conjuration/Air              5
   c - Fireball                       Conjuration/Fire             5
   d - Tornado                        Air                          9
   e - Shatter                        Earth                        9
 I - a book of Spatial Translocations

   Spells                             Type                      Level
   a - Apportation                    Translocation                1
   b - Blink                          Translocation                2
   c - Shroud of Golubria             Charms/Translocation         2
   d - Portal Projectile              Translocation                3
   e - Teleport Other                 Translocation                3
   f - Passage of Golubria            Translocation                4
 J - a book of Geomancy

   Spells                             Type                      Level
   a - Sandblast                      Earth                        1
   b - Stoneskin                      Transmutation/Earth          2
   c - Passwall                       Transmutation/Earth          3
   d - Stone Arrow                    Conjuration/Earth            3
   e - Petrify                        Transmutation/Earth          4
   f - Lee's Rapid Deconstruction     Earth                        5
 Q - Iskenderun's Incunabulum of Attacks and Lightness
   (You found it on level 1 of the Lair of Beasts)

   Spells                             Type                      Level
   a - Shock                          Conjuration/Air              1
   b - Magic Dart                     Conjuration                  1
   c - Throw Flame                    Conjuration/Fire             2
   d - Freezing Cloud                 Conjuration/Ice/Air          6
   e - Orb of Destruction             Conjuration                  7
Comestibles
 o - 5 bread rations
 r - 12 fruits


   Skills:
 - Level 4.0 Fighting
 - Level 2.0 Short Blades
 - Level 1.0 Polearms
 + Level 10.3 Slings
 - Level 1.0(6.6) Throwing
 + Level 8.6 Dodging
 + Level 18.0 Stealth
 * Level 7.8 Shields
 + Level 0.5 Spellcasting
 + Level 6.6 Invocations
 + Level 5.5 Evocations


You had 13 spell levels left.
You didn't know any spells.

Dungeon Overview and Level Annotations

Branches:
Dungeon (13/15)            Temple (1/1) D:4            Lair (4/8) D:10
  Swamp (0/4) Lair:3       Spider (0/4) Lair:4          Orc (0/4) D:12
 Vaults (0/5) D:13

Altars:
Ashenzari
Cheibriados
Dithmenos
Elyvilon
Fedhas
Gozag
Kikubaaqudgha
Makhleb
Nemelex Xobeh
Okawaru
Qazlal
Ru
Sif Muna
Trog
Vehumet
Xom
Yredelemnul
Zin
The Shining One

Shops:
D:4 [   D:9 [

Portals:
Trove: D:12 (give +3 ice dragon armour)

Annotations:
D:3 M4edhros's ghost, amateur OpWn


Innate Abilities, Weirdness & Mutations

You cannot wear most types of armour.
You are amphibious.
You can wear up to eight rings at the same time.
You can use your tentacles to constrict eight enemies at once.
Your skin changes colour to match your surroundings (Stealth).
Your rubbery body absorbs attacks (AC +1).
You have supernaturally acute eyesight.
You are clumsy. (Dex -2)
Your flesh is heat resistant.
You have an increased reservoir of magic (+10% MP).
Your natural rate of healing is unusually fast.
Your spells are a little harder to cast, but a little more powerful.


Message History

The ice devil appears unharmed.
The ice devil is severely wounded.
This wand has 6 charges left.
The ice devil hits you.
* * * LOW HITPOINT WARNING * * *
The ice devil freezes you! You resist.
* * * LOW HITPOINT WARNING * * *
Evoke which item? (* to show all) (? for menu, Esc to quit)
Zapping:
z - a wand of lightning (6)
Press: ? - help, Shift-Dir - straight line You hear a mighty clap of thunder!
The bolt of lightning hits the ice devil.
The ice devil appears unharmed.
The ice devil is severely wounded.
The bolt of lightning hits the ice devil.
The ice devil is almost dead.
This wand has 5 charges left.
The ice devil hits you.
* * * LOW HITPOINT WARNING * * *
The ice devil freezes you! You resist.
You die...
Fedhas appreciates your contribution to the ecosystem.

##### ###
##...##
##%)
##..∩..##
§.3
#.......#
###.#
#...∩...#
#§.§.
##.....##
#§§§
##...##
#...§§§#
#..@##
###.§§§#
##3..#
###§§#
##...#
...#
##...##
##...
#...##
#....
#..##
......
##..##
.##..#
##..# ##..
####..####
....


You could see an ice devil.

Vanquished Creatures
  4 vault guards (D:13)
  2 hydras
  Erica (D:8)
  A slime creature (D:12)
  3 hill giants
  A manticore (D:11)
  A griffon (Lair:3)
  A black mamba (Lair:1)
  Joseph (D:9)
  2 ice statues (IceCv)
  A spiny frog (Lair:1)
  3 komodo dragons
  4 blue devils (IceCv)
  2 trolls
  2 trapdoor spiders (Lair:4)
  4 blink frogs
  13 yaks
  A deep elf mage (D:9)
  3 hippogriffs
  Menkaure (D:4)
  A steam dragon (D:9)
  5 wolves
  4 porcupines
  A sky beast (D:9)
  5 orc warriors
  2 ice beasts
  7 water moccasins
  6 ogres
  2 phantoms
  6 big kobolds
  4 centaurs
  8 crocodiles
  12 giant frogs
  2 water moccasin skeletons
  2 scorpions
  13 killer bees
  2 electric eels
  A crimson imp (D:11)
  4 jellies
  4 hounds
  4 orc priests
  4 orc wizards
  2 quasits
  A centaur skeleton (D:8)
  8 iguanas
  2 giant frog skeletons (D:6)
  3 worker ants
  18 sheep
  A worker ant zombie (D:7)
  A hound skeleton (D:10)
  14 adders
  7 gnolls
  10 river rats
  2 shadow imps
  10 white imps
  6 ufetubi (IceCv)
  3 adder skeletons
  2 worms (D:4)
  11 giant geckos
  28 orcs
  A ball python (D:6)
  8 bats
  5 giant cockroaches
  6 goblins
  4 hobgoblins
  5 jackals
  13 kobolds
  5 quokkas
  A giant gecko skeleton (D:8)
  10 giant newts
  2 gnoll zombies (D:7)
  A quokka zombie (D:9)
  10 rats
350 creatures vanquished.

Vanquished Creatures (collateral kills)
  Erolcha (D:10)
  A vault guard (D:13)
  Nergalle (D:10)
  An ugly thing (D:12)
  A fire drake (D:10)
  A spiny frog (Lair:3)
  A two-headed ogre (D:9)
  A trapdoor spider (Lair:4)
  A wyvern (D:11)
  6 yaks (Lair:3)
  3 wolves (Lair:3)
  3 ice beasts
  A porcupine (Lair:3)
  An orc warrior (D:9)
  2 phantoms
  5 ogres
  A giant frog (Lair:2)
  3 big kobolds (D:8)
  A gnoll sergeant (D:10)
  A scorpion (D:6)
  3 killer bees
  5 wights (D:7)
  4 jellies
  A crimson imp (D:11)
  2 orc priests
  2 quasits
  6 orc wizards
  A hound (D:9)
  An iguana (Lair:4)
  3 gnolls
  4 adders
  7 white imps (Lair:4)
  An adder skeleton (D:9)
  3 orcs
  A jackal (D:8)
  A quokka (D:7)
  4 kobolds (D:8)
  A quokka skeleton (D:9)
86 creatures vanquished.

Vanquished Creatures (others)
  23 wandering mushrooms
  A jelly (D:10)
  A worker ant zombie (D:11)
  2 white imps (IceCv)
  4 ufetubi (IceCv)
  A giant cockroach zombie (D:5)
  A fungus (Lair:1)
  352 toadstools
385 creatures vanquished.

Grand Total: 821 creatures vanquished

Notes
Turn   | Place    | Note
--------------------------------------------------------------
     0 | D:1      | M4edhros the Octopode Wanderer began the quest for the Orb.
     0 | D:1      | M4edhros set off with: a +2 short sword, a scroll of teleportation, a potion of curing, a bread ration
     0 | D:1      | Reached XP level 1. HP: 17/17 MP: 1/1
    78 | D:1      | Reached skill level 1 in Stealth
   129 | D:1      | Reached XP level 2. HP: 18/22 MP: 2/2
   518 | D:3      | Reached XP level 3. HP: 20/27 MP: 3/3
   802 | D:3      | Noticed M4edhros's ghost (amateur OpWn)
   867 | D:4      | Found a blossoming altar of Fedhas.
   878 | D:4      | Found an iron altar of Okawaru.
   986 | D:4      | Reached skill level 5 in Stealth
   986 | D:4      | Reached XP level 4. HP: 18/33 MP: 4/4
  1090 | D:4      | Found a snail-covered altar of Cheibriados.
  1096 | D:4      | Found a staircase to the Ecumenical Temple.
  1111 | Temple   | Entered the Ecumenical Temple
  1286 | D:4      | Found an ancient bone altar of Kikubaaqudgha.
  1308 | D:4      | Reached skill level 6 in Stealth
  1352 | D:4      | Became a worshipper of Fedhas Madash
  1412 | D:4      | Noticed Menkaure
  1637 | D:3      | Reached XP level 5. HP: 35/37 MP: 5/5
  1783 | D:3      | Found a faded altar to an unknown god.
  1968 | D:2      | Found a basalt altar of Yredelemnul.
  2030 | D:2      | Reached * piety under Fedhas
  2086 | D:2      | Reached skill level 7 in Stealth
  3317 | D:3      | Found a deep blue altar of Sif Muna.
  3483 | D:3      | Reached ** piety under Fedhas
  4106 | D:4      | Found Zoycs's Antique Armour Emporium.
  4178 | D:4      | Killed Menkaure
  4178 | D:4      | Reached skill level 9 in Stealth
  4178 | D:4      | Reached XP level 6. HP: 40/43 MP: 6/6
  4179 | D:4      | Found an opulent altar of Gozag.
  4256 | D:4      | Noticed a moth of wrath
  4259 | D:4      | Found a bloodstained altar of Trog.
  4533 | D:5      | Entered Level 5 of the Dungeon
  4546 | D:5      | HP: 2/43 [orc priest/divine providence (12)]
  4806 | D:5      | Reached skill level 10 in Stealth
  4806 | D:5      | Reached XP level 7. HP: 25/48 MP: 7/7
  4938 | D:5      | Found a burning altar of Makhleb.
  5173 | D:5      | Found a sacrificial altar of Ru.
  5468 | D:5      | Reached skill level 11 in Stealth
  5670 | D:6      | Reached skill level 1 in Slings
  5978 | D:6      | Reached XP level 8. HP: 46/54 MP: 8/8
  5991 | D:6      | Reached skill level 12 in Stealth
  6456 | D:7      | HP: 2/54 [ice beast (13)]
  6925 | D:7      | Found a basalt altar of Yredelemnul.
  7087 | D:7      | Reached skill level 5 in Slings
  7129 | D:7      | Reached XP level 9. HP: 47/58 MP: 9/9
  7502 | D:8      | Reached skill level 1 in Invocations
  7543 | D:8      | Found a white marble altar of Elyvilon.
  7751 | D:8      | Reached skill level 13 in Stealth
  7797 | D:8      | Gained mutation: You have an increased reservoir of magic (+10% MP). [potion of mutation]
  7797 | D:8      | Gained mutation: Your natural rate of healing is unusually fast. [potion of mutation]
  7797 | D:8      | Gained mutation: You have supernaturally acute eyesight. [potion of mutation]
  7815 | D:8      | Reached *** piety under Fedhas
  7933 | D:8      | Found a shattered altar of Ashenzari.
  7976 | D:8      | Noticed Erica
  7982 | D:8      | Killed Erica
  8039 | D:8      | Reached skill level 14 in Stealth
  8039 | D:8      | Reached XP level 10. HP: 63/63 MP: 12/12
  8052 | D:8      | Reached skill level 5 in Dodging
  8419 | D:9      | Found a shimmering altar of Xom.
  8423 | D:9      | Found a shimmering altar of Xom.
  8574 | D:9      | Found Arilaki's Armour Shop.
  8781 | D:9      | Found a shimmering altar of Xom.
  8782 | D:9      | Found a shimmering altar of Xom.
  8860 | D:9      | Reached skill level 15 in Stealth
  8864 | D:9      | Gained mutation: Your flesh is heat resistant. [mutagenic meat]
  8865 | D:9      | Gained mutation: You are clumsy. (Dex -2) [mutagenic meat]
  8956 | D:9      | Noticed Joseph
  8972 | D:9      | Killed Joseph
  9233 | D:10     | Entered Level 10 of the Dungeon
  9463 | D:10     | Noticed Erolcha
  9485 | D:10     | Killed Erolcha
  9548 | D:10     | Found a staircase to the Lair.
  9563 | D:10     | Reached skill level 16 in Stealth
  9563 | D:10     | Reached XP level 11. HP: 38/69 MP: 14/14
  9575 | D:10     | Noticed Nergalle
  9689 | D:10     | Killed Nergalle
 10112 | D:10     | Reached **** piety under Fedhas
 10518 | D:11     | Noticed a hill giant
 10530 | D:11     | Killed a hill giant
 10530 | D:11     | Reached skill level 1 in Evocations
 11201 | D:12     | Noticed a seven-headed hydra
 11252 | D:12     | Noticed a hill giant
 11267 | D:12     | Killed a hill giant
 11512 | D:12     | Killed a seven-headed hydra
 11668 | D:12     | Found a staircase to the Orcish Mines.
 11871 | D:12     | Identified a scroll of acquirement
 11872 | D:12     | Got a crystal quick blade
 11873 | D:12     | Identified the +1 quick blade of Gegilan {pierce, +Fly Str+4} (You acquired it on level 12 of the Dungeon)
 11891 | D:12     | Noticed a hill giant
 11899 | D:12     | Killed a hill giant
 11899 | D:12     | Reached XP level 12. HP: 74/74 MP: 16/16
 11977 | D:12     | Found a portal to a secret trove of treasure.
 12109 | D:13     | Reached skill level 17 in Stealth
 12178 | D:13     | Found a gate to the Vaults.
 12178 | D:13     | Noticed a vault guard
 12178 | D:13     | Noticed a vault guard
 12178 | D:13     | Noticed a vault guard
 12178 | D:13     | Noticed a vault guard
 12178 | D:13     | Noticed a vault guard
 12179 | D:13     | Noticed a vault guard
 12179 | D:13     | Noticed a vault guard
 12179 | D:13     | Noticed a vault guard
 12199 | D:13     | Killed a vault guard
 12206 | D:13     | Killed a vault guard
 12212 | D:13     | Killed a vault guard
 12212 | D:13     | Reached skill level 5 in Shields
 12212 | D:13     | Reached skill level 5 in Invocations
 12234 | D:13     | HP: 2/74 [vault guard/long sword (16)]
 12235 | D:13     | Killed a vault guard
 12256 | D:13     | Killed a vault guard
 12331 | Lair:1   | Entered Level 1 of the Lair of Beasts
 12545 | Lair:1   | Identified Iskenderun's Incunabulum of Attacks and Lightness
 13415 | Lair:2   | Reached skill level 10 in Slings
 14586 | Lair:3   | Noticed a six-headed hydra
 14601 | Lair:3   | Killed a six-headed hydra
 14815 | Lair:3   | Reached XP level 13. HP: 59/79 MP: 19/19
 14863 | Lair:3   | Found a staircase to the Swamp.
 14903 | Lair:3   | Reached skill level 5 in Evocations
 15149 | Lair:3   | Reached ***** piety under Fedhas
 15460 | Lair:4   | Found a hole to the Spider Nest.
 15634 | Lair:4   | Got a scorched shortbow
 15635 | Lair:4   | Identified the +3 shortbow of Fee Simple {flame, Dex+5} (You found it on level 4 of the Lair of Beasts)
 15806 | Lair:4   | Found a frozen archway.
 15877 | Lair:4   | Gained mutation: Your spells are a little harder to cast, but a little more powerful. [potion of mutation]
 15882 | IceCv    | Entered an ice cave
 17143 | IceCv    | Reached skill level 18 in Stealth
 17333 | IceCv    | Slain by an ice devil

Action                   |  1- 3 |  4- 6 |  7- 9 | 10-12 | 13-15 || total
-------------------------+-------+-------+-------+-------+-------++-------
Melee: Short sword       |    16 |       |       |       |       ||    16
       Rapier            |    16 |   125 |   116 |       |       ||   257
       Dagger            |       |       |     8 |   125 |       ||   133
       Quick blade       |       |       |       |   124 |    23 ||   147
 Fire: Hunting sling     |       |       |    67 |   489 |   311 ||   867
Invok: Evolution         |       |     3 |     2 |    18 |     4 ||    27
       Sunlight          |       |       |     4 |     2 |       ||     6
Evoke: Wand              |       |       |     2 |    22 |    10 ||    34
  Use: Potion            |     3 |     7 |     4 |    15 |     3 ||    32
       Scroll            |       |    10 |     4 |    13 |     2 ||    29
 Stab: Sleeping          |     7 |    29 |    19 |    39 |     2 ||    96
       Distracted        |       |     2 |     2 |       |       ||     4
       Confused          |       |       |     3 |     3 |       ||     6
  Eat: Bread ration      |       |     1 |       |     2 |     1 ||     4
       Chunk             |       |     6 |     3 |     2 |       ||    11
       Pizza             |       |       |     2 |     1 |       ||     3
       Meat ration       |       |       |     1 |     3 |       ||     4
